 Dungeon Crawl Stone Soup version 0.28-a0-834-g1a73be5ee4 (webtiles) character file.

Game seed: 6389408196854116939

52 flotson the Sneak (level 3, -9/29 HPs)
             Began as a Demonspawn Delver on Nov 11, 2021.
             Killed from afar by Pikel (35 damage)
             ... with a bolt of acid
             ... on level 4 of the Dungeon.
             The game lasted 00:01:05 (474 turns).

flotson the Sneak (Demonspawn Delver)                Turns: 474, Time: 00:01:05

Health: -9/29      AC:  4    Str: 13    XL:     3   Next: 60%
Magic:  3/3        EV: 12    Int: 11    God:
Gold:   29         SH:  0    Dex: 14    Spells: 2/2 levels left

rFire   . . .      SeeInvis .   a - +0 hand axe
rCold   . . .      Faith    .   (no shield)
rNeg    . . .      Spirit   .   b - +0 leather armour
rPois   .          Reflect  .   (no helmet)
rElec   .          Harm     .   m - +0 cloak
rCorr   .          Rampage  .   (no gloves)
Will    .....                   (no boots)
Stlth   ++........              (no amulet)
HPRegen 0.09/turn               (no ring)
MPRegen 0.08/turn               (no ring)

@: no status effects
A: powered by death 1, demonic touch 1
a: no special abilities


You were on level 4 of the Dungeon.
You visited 1 branch of the dungeon, and saw 2 of its levels.

You collected 29 gold pieces.

Inventory:

Hand Weapons
 a - a +0 hand axe (weapon)
Missiles
 j - 21 sling bullets
Armour
 b - a +0 leather armour (worn)
 m - a +0 cloak (worn)
Wands
 g - a wand of digging (3)
 h - a wand of iceblast (2)
Scrolls
 c - a scroll of fog
 e - a scroll of fear
 i - a scroll of identify {unknown}
 k - a scroll of silence {unknown}
 l - a scroll of blinking {unknown}
Potions
 f - a potion of haste


   Skills:
 + Level 3.6 Fighting
 - Level 1.7 Axes
 + Level 1.5 Armour
 + Level 2.5 Dodging
 - Level 4.5 Stealth


You had 2 spell levels left.
You didn't know any spells.
Your spell library was empty.

Dungeon Overview and Level Annotations

Branches:
Dungeon (5/15)
 Temple: D:4-7

Altars:

Annotations:
D:4 Pikel


Innate Abilities, Weirdness & Mutations

You regenerate a little health from kills.
Your touch may inflict minor irresistible damage on your foes.


Message History

You hit the adder.
You kill the adder!
No target in view!
No target in view!
No target in view!
No target in view!
No target in view!
An ufetubus comes into view.
The ufetubus shouts!
You hear a shout! x2
The ufetubus closely misses you. The ufetubus hits you.
You hit the ufetubus.
The ufetubus is severely wounded.
The ufetubus misses you. The ufetubus barely misses you.
The ufetubus misses you. The ufetubus hits you.
You barely miss the ufetubus.
The ufetubus is severely wounded.
The ufetubus closely misses you. The ufetubus barely misses you.
You barely miss the ufetubus.
You touch the ufetubus.
You kill the ufetubus!
No target in view!
No target in view!
No target in view!
No target in view!
No target in view!
A lemure and Pikel come into view.
Pikel is wielding a +1 whip of flaming and carrying a wand of acid (11).
Pikel shouts!
The lemure shouts!
You hear a shout!
A lemure comes into view.
Pikel says, "You'll make a fine lemure."
The lemure shouts!
As you read the scroll of magic mapping, it crumbles to dust.
You feel aware of your surroundings.
A lemure comes into view.
The lemure hits you. Pikel misses you.
Pikel drinks a potion.
Pikel seems to grow stronger.
A lemure comes into view.
Pikel zaps a wand.
The bolt of acid hits you!!
Ouch! That really hurt!
You die...

#.# #.#,* **,****** ###.####.#,*
**,,,,,,,, ...5.....#,*
**,,,***,**
.....K.55#,************,,,,,**,**
########.#,,,,,,,,,,,,,,,,,<,,,,*
#K#*************,,,,,**,,, #.#
****,,,***,**
#.############...,,,,,,,**
#..55K...@.....#**<******
################ *,*******
*,,,,,,,, *********


You could see Pikel (strong) and 2 lemures.

Vanquished Creatures
  A centaur skeleton (D:4)
  2 adders (D:4)
  An ufetubus (D:4)
  A giant cockroach (D:4)
5 creatures vanquished.

Notes
Turn   | Place    | Note
-------+----------+-------------------------------------------
     0 | D:5      | flotson the Demonspawn Delver began the quest for the Orb.
     0 | D:5      | Reached XP level 1. HP: 18/18 MP: 1/1
    46 | D:5      | Noticed a phantom
    54 | D:5      | Noticed an acid dragon
   132 | D:4      | Reached skill level 1 in Armour
   132 | D:4      | Gained mutation: Your touch may inflict minor irresistible
                  | damage on your foes. [demonic ancestry]
   132 | D:4      | Reached XP level 2. HP: 21/24 MP: 2/2
   132 | D:4      | Gained mutation: You regenerate a little health from kills.
                  | [demonic ancestry]
   132 | D:4      | Reached XP level 3. HP: 25/29 MP: 3/3
   456 | D:4      | Noticed Pikel
   456 | D:4      | Noticed a lemure
   456 | D:4      | Noticed a lemure
   457 | D:4      | Noticed a lemure
   462 | D:4      | Noticed a lemure
   474 | D:4      | Killed from afar by Pikel

Illustrated notes

Levels and vault maps discovered:
D:4:      layout_loops_ring, uniq_pikel, uniq_edmund, uniq_eustachio
D:5:      layout_rooms, chequers_mini_garden, uniq_grinder

Skill      XL: |  1 |
---------------+----+-----
Armour         | 1 |  1.5
Dodging        | 2 |  2.5
Fighting       | |  3.6
Axes           | |  1.7
Stealth        | |  4.5

Action                   || total
-------------------------++-------
Melee: Hand axe          ||    22
       Touch             ||     1
  Use: Scroll            ||     1
 Stab: Sleeping          ||     2
Armor: Leather armour    ||    11
Dodge: Dodged            ||    22

Table legend: (Time is in decaauts)
 A = Elapsed time spent in this place.
 B = Non-inter-level travel time spent in this place.
 C = Inter-level travel time spent in this place.
 D = Time resting spent in this place.
 E = Time spent auto-exploring this place.
 F = Levels seen in this place.
 G = Mean time per level.
                   A        B        C        D        E       F      G
               +--------+--------+--------+--------+--------+-----+--------+
         Total |    478 |    478 |      0 |      0 |    347 |   2 |  239.0 |
       Dungeon |    478 |    478 |      0 |      0 |    347 |   2 |  239.0 |
               +--------+--------+--------+--------+--------+-----+--------+

Top non-repeatable levels by time:
     D:4: 406 daAuts
     D:5: 72 daAuts
